 Dungeon Crawl Stone Soup version 0.19-a0-1896-g611e798 (webtiles) character file.

1931 Naow the Covert (level 8, 0/36 HPs)
             Began as a Spriggan Enchanter on Oct 19, 2016.
             Was a Priest of Dithmenos.
             Killed by the air
             ... invoked by Gastronok
              (36 damage)
             ... on level 8 of the Dungeon.
             The game lasted 00:17:50 (5875 turns).

Naow the Covert (Spriggan Enchanter)                Turns: 5875, Time: 00:17:51

Health: 0/36       AC:  7    Str:  5    XL:     8   Next: 97%
Magic:  0/18       EV: 24    Int: 16    God:    Dithmenos [***...]
Gold:   425        SH:  0    Dex: 18    Spells: 4 memorised, 11 levels left

rFire  . . .     SeeInvis +     a - +2 dagger
rCold  . . .     Gourm    .     b - +2 robe
rNeg   . . .     Faith    .     (shield restricted)
rPois  .         Spirit   .     (helmet restricted)
rElec  .         Reflect  .     f - +2 cloak
rCorr  .         Harm     .     (gloves unavailable)
MR     +....                    (boots unavailable)
Stlth  ++++++....               (no amulet)
                                (no ring)
                                w - ring of flight

@: very slightly contaminated, wreathed by umbra, very quick
A: unfitting armour, see invisible, herbivore 3, speed 3, slow metabolism 2
a: Shadow Step, Renounce Religion, Evoke Flight


You were on level 8 of the Dungeon.
You worshipped Dithmenos.
Dithmenos was most pleased with you.
You were not hungry.

You visited 1 branch of the dungeon, and saw 7 of its levels.

You collected 425 gold pieces.

Inventory:

Hand Weapons
 a - a +2 dagger (weapon)
Armour
 b - a +2 robe (worn)
 f - a +2 cloak (worn)
 t - a +0 cloak
Jewellery
 w - a ring of flight (left hand)
Wands
 y - a wand of lightning (10/15)
Scrolls
 e - 3 scrolls of blinking
 g - 6 scrolls of identify
 j - 2 scrolls of remove curse
 n - 5 scrolls of teleportation
 o - 2 scrolls of random uselessness
 q - 3 scrolls of amnesia
 u - a scroll of enchant armour
 z - a scroll of magic mapping {unknown}
 A - a scroll of enchant weapon
Potions
 h - 2 potions of ambrosia
 i - 2 potions of resistance {unknown}
 k - 4 potions of heal wounds {unknown}
 l - 3 potions of mutation {unknown}
 m - a potion of cancellation {unknown}
 p - 2 potions of might {unknown}
 r - 2 potions of flight {unknown}
 v - 3 potions of curing {unknown}
 x - 2 potions of degeneration {unknown}
 B - a potion of brilliance {unknown}
Books
 c - a book of Maledictions

   Spells                             Type                      Level
   a - Corona                         Hexes                        1
   b - Ensorcelled Hibernation        Hexes/Ice                    2
   c - Confuse                        Hexes                        3
   d - Tukima's Dance                 Hexes                        3
   e - Dazzling Spray                 Conjuration/Hexes            3
Comestibles
 d - 4 bread rations
 s - 11 fruits
 C - a royal jelly


   Skills:
 + Level 5.8 Short Blades
 + Level 7.8 Dodging
 + Level 9.5 Stealth
 + Level 6.5 Spellcasting
 + Level 7.2 Hexes


You had 11 spell levels left.
You knew the following spells:

 Your Spells              Type           Power        Failure   Level  Hunger
a - Corona                Hex            ####...      1%          1    None
b - Ensorcelled Hibernat  Hex/Ice        ###...       6%          2    None
c - Tukima's Dance        Hex            ####....     1%          3    ##.....
d - Confuse               Hex            ####....     1%          3    ##.....


Dungeon Overview and Level Annotations

Branches:
Dungeon (6/15)             Temple (0/1) D:4

Altars:
Ashenzari
Dithmenos
Gozag
Makhleb
Qazlal
Sif Muna
Trog
Yredelemnul

Annotations:
D:8 Gastronok


Innate Abilities, Weirdness & Mutations

You are very small and have problems with some larger weapons.
You are too small for most types of armour.
You have supernaturally acute eyesight. (SInv)
You are a herbivore.
You cover ground extremely quickly.
You need consume almost no food.


Message History

Aiming: Ensorcelled Hibernation
Press: ? - help, Shift-Dir - straight line, f - Gastronok
Aim: Gastronok, wearing the +3 hat of Pondering {ponderous, MR+ MP+10 Int+5} (umbra, chance to defeat MR: 0%) Gastronok resists with almost no effort.
Casting: Ensorcelled Hibernation
Confirm with . or Enter, or press ? or * to list all spells.
Aiming: Ensorcelled Hibernation
Press: ? - help, Shift-Dir - straight line, f/p - Gastronok
Aim: Gastronok, wearing the +3 hat of Pondering {ponderous, MR+ MP+10 Int+5} (umbra, chance to defeat MR: 0%)
You miscast Ensorcelled Hibernation.
You feel off-balance for a moment.
Casting: Ensorcelled Hibernation
Confirm with . or Enter, or press ? or * to list all spells.
Aiming: Ensorcelled Hibernation
Press: ? - help, Shift-Dir - straight line, f/p - Gastronok
Aim: Gastronok, wearing the +3 hat of Pondering {ponderous, MR+ MP+10 Int+5} (umbra, chance to defeat MR: 0%) Gastronok resists with almost no effort.
Gastronok waves his eye-stalks in wide circles.
The air twists around and strikes you!
Ouch! That really hurt!
You die...

#.....# ###...# #..[..#
#....>##.... #.....#
###.####...# ## #.....#
#.# #...# ..
#.....#####'####)..####.##
#.....#.w......#...#.....#
#..†..#†#......#...#.....#
#......(#........o.'....:.
###....)#@........o#...<..
#....w#.......#...#
#.............#.#.#
##+##........##.#(#
#...........##.#h#
######......##[#..
#......##....
#########.#### #)#


You could see Gastronok.

Vanquished Creatures
  4 yaks (D:5)
  Sigmund (D:4)
  A wyvern (D:8)
  A black bear (D:8)
  An ogre (D:6)
  A bullfrog (D:6)
  A scorpion (D:4)
  A crimson imp (D:8)
  A howler monkey (D:5)
  A centaur zombie (D:5)
  A hound (D:6)
  A jelly (D:5)
  Crazy Yiuf (D:5)
  A gnoll shaman (D:5)
  An orc wizard (D:4)
  A centaur skeleton (D:5)
  3 iron imps (D:5)
  Ijyb (D:3)
  4 worker ants
  A worker ant zombie (D:5)
  A howler monkey skeleton (D:4)
  A howler monkey zombie (D:6)
  Robin (D:3)
  3 gnolls (D:5)
  8 adders
  An adder zombie (D:5)
  2 adder skeletons
  3 worms
  A dart slug (D:1)
  A leopard gecko (D:5)
  24 orcs
  4 giant cockroaches
  2 gnoll zombies (D:6)
  21 goblins
  6 hobgoblins
  10 jackals
  2 quokkas
  A ball python (D:2)
  7 bats
  2 frilled lizards (D:3)
  4 kobolds
  3 leopard gecko skeletons
  A quokka skeleton (D:5)
  5 rats
142 creatures vanquished.

Notes
Turn   | Place    | Note
-------+----------+-------------------------------------------
     0 | D:1      | Naow the Spriggan Enchanter began the quest for the Orb.
     0 | D:1      | Reached XP level 1. HP: 9/9 MP: 5/5
   149 | D:1      | Reached XP level 2. HP: 11/13 MP: 6/6
   153 | D:1      | Learned a level 2 spell: Ensorcelled Hibernation
   629 | D:2      | Reached skill level 5 in Stealth
   629 | D:2      | Reached XP level 3. HP: 14/16 MP: 5/8
  1011 | D:2      | Found a bloodstained altar of Trog.
  1154 | D:3      | Found a shadowy altar of Dithmenos.
  1183 | D:3      | Became a worshipper of Dithmenos the Shadowed
  1211 | D:3      | Noticed Ijyb
  1218 | D:3      | Killed Ijyb
  1218 | D:3      | Reached XP level 4. HP: 17/21 MP: 4/9
  1407 | D:3      | Noticed Robin
  1669 | D:3      | Found a deep blue altar of Sif Muna.
  1808 | D:3      | Killed Robin
  1914 | D:3      | Reached * piety under Dithmenos
  2408 | D:4      | Reached XP level 5. HP: 18/24 MP: 11/11
  2505 | D:4      | Found a shattered altar of Ashenzari.
  3090 | D:4      | Found an opulent altar of Gozag.
  3098 | D:4      | Found a staircase to the Ecumenical Temple.
  3181 | D:4      | Reached skill level 6 in Stealth
  3181 | D:4      | Reached skill level 5 in Hexes
  3181 | D:4      | Reached XP level 6. HP: 25/28 MP: 9/13
  3255 | D:4      | Noticed Sigmund
  3262 | D:4      | Killed Sigmund
  3262 | D:4      | Reached skill level 5 in Dodging
  3458 | D:5      | Entered Level 5 of the Dungeon
  3527 | D:4      | Learned a level 3 spell: Tukima's Dance
  3553 | D:4      | Learned a level 3 spell: Confuse
  3719 | D:5      | Noticed a yak
  3719 | D:5      | Noticed a yak
  3719 | D:5      | Noticed a yak
  3722 | D:5      | Noticed a yak
  3742 | D:5      | Killed a yak
  3742 | D:5      | Reached skill level 7 in Stealth
  3742 | D:5      | Reached XP level 7. HP: 32/32 MP: 0/15
  3748 | D:5      | Killed a yak
  3748 | D:5      | Reached skill level 5 in Spellcasting
  3853 | D:5      | Killed a yak
  3857 | D:5      | Killed a yak
  3857 | D:5      | Reached XP level 8. HP: 36/36 MP: 9/17
  3923 | D:5      | Reached ** piety under Dithmenos
  3931 | D:5      | Reached skill level 8 in Stealth
  4029 | D:5      | Reached skill level 5 in Short Blades
  4542 | D:5      | Found a burning altar of Makhleb.
  4701 | D:5      | Found a runed door.
  4859 | D:5      | Noticed Crazy Yiuf
  4863 | D:5      | Killed Crazy Yiuf
  5378 | D:6      | Reached skill level 9 in Stealth
  5433 | D:6      | Reached *** piety under Dithmenos
  5483 | D:6      | Found a basalt altar of Yredelemnul.
  5507 | D:6      | You fall through a shaft for 2 floors!
  5509 | D:8      | Found a stormy altar of Qazlal.
  5806 | D:8      | Noticed Gastronok
  5875 | D:8      | Killed from afar by Gastronok

Vault maps used:
D:1:      ncdulo_wetmaze
D:2:      bloody_trog, kennysheep_boxes
D:3:      led_sif_pool, overflow_temple_1_default, first_bread,
          minmay_misc_feat_roman, minmay_surrounded, uniq_robin, uniq_iyjb
D:4:      nicolae_ashenzari_panopticon, lemuel_doored_altar, uniq_sigmund
D:5:      corexii_shack_village, demons_altar, uniq_crazy_yiuf_cottage
D:6:      lemuel_zombie_altar_yredelemnul, serial_shops, shop_fountains,
          uniq_grinder
D:8:      nicolae_overflow_crystal_walls, overflow_temple_1_default,
          david_lair_shrubbed, uniq_gastronok, uniq_prince_ribbit1

Skill      XL: |  1  2  3  4  5  6  7  8 |
---------------+-------------------------+-----
Spellcasting   | 3 4 5 6 |  6.5
Short Blades   | 2 3 4 5 |  5.8
Stealth        | 5 6 7 9 |  9.5
Hexes          | 4 5 6 7 |  7.2
Dodging        | 4 5 6 7 |  7.8

Action                   |  1- 3 |  4- 6 |  7- 9 || total
-------------------------+-------+-------+-------++-------
Melee: Dagger            |    77 |   211 |   257 ||   545
 Cast: Ensorcelled Hiber |     3 |    50 |    49 ||   102
       Confuse           |       |       |     4 ||     4
       Tukima's Dance    |       |       |     2 ||     2
  Use: Scroll            |       |       |    10 ||    10
 Stab: Sleeping          |    15 |    30 |    38 ||    83
       Confused          |       |       |     2 ||     2
       Distracted        |       |       |     1 ||     1
  Eat: Bread ration      |       |     1 |       ||     1
       Fruit             |       |     1 |       ||     1
Armor: Robe              |     4 |    24 |    15 ||    43
Dodge: Dodged            |    53 |   179 |   222 ||   454
